 Seeded DCSS version 0.29.1-13-g9f3cf754e1 (webtiles) character file.

Game seed: 16245865983455551772 (custom seed)

16 OTABOTABOTAB the Caller (level 2, 17/17 HPs)
             Began as an Octopode Summoner on Jan 24, 2023.
             Quit the game on level 1 of the Dungeon.
             The game lasted 00:01:24 (661 turns).

OTABOTABOTAB the Caller (Octopode Summoner)          Turns: 661, Time: 00:01:25

Health: 17/17      AC:  1    Str:  7    XL:     2   Next: 58%
Magic:  5/5        EV: 13    Int: 23    God:
Gold:   1070       SH:  0    Dex:  8    Spells: 4/5 levels left

rFire   . . .      SeeInvis +   b - +7 arbalest of the Curious Visions {speed, rN++ rCorr Dex-4 SInv}
rCold   . . .      Faith    .   (shield currently unavailable)
rNeg    + + .      Spirit   .   (helmet restricted)
rPois   .          Reflect  .   (no amulet)
rElec   .          Harm     .   I - +6 ring of intelligence
rCorr   +          Rampage  .   (no ring)
Will    .....                   (no ring)
Stlth   +++.......              (no ring)
HPRegen 0.05/turn               (no ring)
MPRegen 0.09/turn               (no ring)
                                (no ring)
                                (no ring)

@: no status effects
A: almost no armour, amphibious, 8 rings, camouflage 1, gelatinous body 1,
(nimble swimmer 1), tentacles
a: no special abilities


You were on level 1 of the Dungeon.
You visited 1 branch of the dungeon, and saw 1 of its levels.

You collected 1070 gold pieces.

Inventory:

Hand Weapons
 b - the +7 arbalest of the Curious Visions (weapon) {speed, rN++ rCorr Dex-4 SInv}
   (You acquired it on level 1 of the Dungeon)

   Attacks with this weapon are significantly faster.
   Dex:       It affects your dexterity (-4).
   rN:        It greatly protects you from negative energy.
   SInv:      It lets you see invisible.
   rCorr:     It protects you from acid and corrosion.
Missiles
 d - 2 poisoned darts
 s - 10 stones
Jewellery
 I - a +6 ring of intelligence (left tentacle)
   (You found it on level 1 of the Dungeon)
Potions
 a - a potion of might {unknown}
 c - 2 potions of flight {unknown}
 M - a potion of magic


   Skills:
 + Level 2.2 Dodging
 + Level 3.2 Stealth
 + Level 2.2 Spellcasting
 + Level 4.1 Summonings


You had 4 spell levels left.
You knew the following spells:

 Your Spells              Type           Power      Damage    Failure   Level
a - Summon Small Mammal   Summ           84%        N/A       2%          1

Your spell library contained the following spells:

 Spells                   Type           Power      Damage    Failure   Level
 Call Imp                 Summ           21%        N/A       3%          2
 Call Canine Familiar     Summ           21%        N/A       7%          3
 Summon Guardian Golem    Hex/Summ       12%        N/A       16%         3
 Summon Lightning Spire   Summ/Air       12%        N/A       47%         4
 Summon Forest            Summ/Tloc      6%         N/A       83%         5
 Summon Mana Viper        Hex/Summ       12%        N/A       83%         5
 Summon Cactus Giant      Summ           10%        N/A       98%         6


Dungeon Overview and Level Annotations

Branches:
Dungeon (1/15)

Altars:


Innate Abilities, Weirdness & Mutations

You cannot wear most types of armour.
You are amphibious.
You can wear up to eight rings at the same time.
Your skin changes colour to match your surroundings (Stealth+).
Your rubbery body absorbs attacks. (AC +1, EV +1)
((You are camouflaged when in or above water. (Stealth+)))
You have tentacles for arms and can constrict up to eight enemies at once.


Message History

You drop a +0 sling.
A quokka comes into view.
The quokka moves out of view.
MP restored: 3 A quokka and an endoplasm come into view.
There are monsters nearby!
You shoot a bolt. The bolt hits the quokka.
You kill the quokka!
The endoplasm quivers.
You shoot a bolt. The bolt barely misses the endoplasm.
You shoot a bolt. The bolt hits the endoplasm!
You kill the endoplasm!
Your Stealth skill increases to level 3!
You have reached level 2!
Health restored: 17; MP restored: 5
a - a fuming brown potion You swap places.
Your quokka disappears in a puff of smoke!
You now have 1040 gold pieces (gained 10).
c - 2 cyan potions No target in view!
Found a faded altar of an unknown god.
No target in view!
There is a faded altar of an unknown god here.
You open the door.
A rat and an endoplasm come into view.
The endoplasm quivers.
You shoot a bolt. The bolt hits the endoplasm!
You kill the endoplasm!
You shoot a bolt. The bolt closely misses the rat.
You shoot a bolt. The bolt hits the rat!
You kill the rat!
There is an open door here.
s - 6 stones You open the door.
An endoplasm comes into view.
You shoot a bolt.
The bolt hits the endoplasm but does no damage.
The endoplasm quivers.
The endoplasm freezes you.
You are frozen.
You take 3 damage, and have 14/17 hp.
You shoot a bolt. The bolt hits the endoplasm!!
You kill the endoplasm!
No target in view!
No target in view!
There is an open door here.
There is an open door here.
You see here a +0 sling.
A ball python comes into view.
Health restored: 17 You shoot a bolt.
The bolt hits the ball python!
You kill the ball python!
No target in view!
No target in view!
No target in view!
A frilled lizard comes into view.
You shoot a bolt. The bolt hits the frilled lizard!
You kill the frilled lizard!
You hear an angry hiss.
A ball python comes into view.
You shoot a bolt. The ball python hisses angrily.
The bolt hits the ball python!
You kill the ball python!
No target in view!
d - 2 poisoned darts No target in view!
No target in view!
No target in view!
No target in view!
No target in view!
A quokka comes into view.
You shoot a bolt. The bolt hits the quokka.
You kill the quokka!
No target in view!
No target in view!
No target in view!
You now have 1047 gold pieces (gained 7).
You open the door.
Found a stone staircase leading down.
There is an open door here.
You see here a +0 robe.
You now have 1057 gold pieces (gained 10).
You now have 1070 gold pieces (gained 13).
A kobold comes into view. It is wielding a +0 dagger.
You shoot a bolt. The bolt hits the kobold.
You kill the kobold!
No target in view!
No target in view!
No target in view!
s - 10 stones (gained 4)
Things that are here:
a +0 dagger; a kobold corpse
I - a +6 ring of intelligence No target in view!
You feel clever.
I - a +6 ring of intelligence (left tentacle)
Okay, then.
Okay, then.

##...#########.##
#....>## #...#
.......## ##.#.#
........####....#
........+.......#
........####...##
.[.....######..###
#.....## #.......#
##...## #.###.#@#
##+## # #.#.#
#.#.# ....# #.#.#
###.# ..# ###


There were no monsters in sight!

Vanquished Creatures
  2 ball pythons (D:1)
  4 endoplasms (D:1)
  A goblin (D:1)
  A kobold (D:1)
  3 quokkas (D:1)
  A frilled lizard (D:1)
  A rat (D:1)
13 creatures vanquished.

Notes
Turn   | Place    | Note
-------+----------+-------------------------------------------
     0 | D:1      | OTABOTABOTAB the Octopode Summoner began the quest for the
                  | Orb.
     0 | D:1      | Reached XP level 1. HP: 11/11 MP: 3/3
    84 | D:1      | Identified 3 scrolls of acquirement
    84 | D:1      | Acquired 1030 gold pieces
    86 | D:1      | Acquired a book of the Wilderness
    88 | D:1      | Acquired the +7 arbalest of the Curious Visions {speed,
                  | rN++ rCorr Dex-4 SInv}
   102 | D:1      | Reached skill level 3 in Stealth
   102 | D:1      | Reached XP level 2. HP: 17/17 MP: 5/5
   159 | D:1      | Found a faded altar of an unknown god.
   661 | D:1      | Quit the game

Illustrated notes

Levels and vault maps discovered:
D:1:      minmay_arrival_hallway, layout_loops_corners, basic_ecumenical_altar,
          minmay_unequal

Skill      XL: |  1 |
---------------+----+-----
Stealth        | 3 |  3.2
Dodging        | |  2.2
Spellcasting   | |  2.2
Summonings     | |  4.1

Action                   || total
-------------------------++-------
 Fire: Sling             ||    15
       Arbalest          ||    13
 Cast: Summon Small Mamm ||     1
  Use: Scroll            ||     3
Dodge: Dodged            ||    12

Table legend: (Time is in decaauts)
 A = Elapsed time spent in this place.
 B = Non-inter-level travel time spent in this place.
 C = Inter-level travel time spent in this place.
 D = Time resting spent in this place.
 E = Time spent auto-exploring this place.
 F = Levels seen in this place.
 G = Mean time per level.
                   A        B        C        D        E       F      G
               +--------+--------+--------+--------+--------+-----+--------+
         Total |    669 |    669 |      0 |      0 |    602 |   1 |  669.0 |
       Dungeon |    669 |    669 |      0 |      0 |    602 |   1 |  669.0 |
               +--------+--------+--------+--------+--------+-----+--------+

Top non-repeatable levels by time:
     D:1: 669 daAuts

Table legend:
 A = Kills in this place as a percentage of kills in entire the game.
 B = Kills by you in this place as a percentage of kills by you in the entire game.
 C = Kills by friends in this place as a percentage of kills by friends in the entire game.
 D = Other kills in this place as a percentage of other kills in the entire game.
 E = Experience gained in this place as a percentage of experience gained in the entire game.
 F = Experience gained in this place divided by the number of levels of this place that you have seen.
                   A       B       C       D       E      F
               +-------+-------+-------+-------+-------+----------------------
         Total | 100.0 | 100.0 |   N/A |   N/A | 100.0 |  24.0
       Dungeon | 100.0 | 100.0 |   N/A |   N/A | 100.0 |  24.0
               +-------+-------+-------+-------+-------+----------------------
